 Dungeon Crawl Stone Soup version 0.27-a0-1434-g6f15984924 (webtiles) character file.

Game seed: 1261507441586067218

1413 trckry the Arsonist (level 8, -6/41 HPs)
             Began as a Deep Elf Fire Elementalist on July 2, 2021.
             Mangled by an iron imp (9 damage)
             ... summoned by a kobold demonologist
             ... on level 6 of the Dungeon on July 4, 2021.
             The game lasted 00:21:41 (6560 turns).

trckry the Arsonist (Deep Elf Fire Elementalist)    Turns: 6560, Time: 00:21:42

Health: -6/41      AC:  7    Str:  7    XL:     8   Next: 43%
Magic:  5/17       EV: 12    Int: 21    God:
Gold:   230        SH:  0    Dex: 15    Spells: 8/17 levels left

rFire    . . .     SeeInvis .   p - +2 whip (elec)
rCold    . . .     Faith    .   (no shield)
rNeg     . . .     Spirit   .   a - +0 robe
rPois    .         Reflect  .   n - +0 helmet
rElec    .         Harm     .   B - +2 cloak
rCorr    .         Rampage  .   g - +0 pair of gloves
Will     .....                  (no boots)
Stlth    ++........             c - amulet of regeneration
HPRegen  1.13/turn              t - ring of wizardry
MPRegen  0.15/turn              m - ring of flight

@: mighty, flying
A: no striking features
a: no special abilities


You were on level 6 of the Dungeon.
You visited 1 branch of the dungeon, and saw 6 of its levels.
You also visited: Sewer.

You collected 230 gold pieces.

Inventory:

Hand Weapons
 p - a +2 whip of electrocution (weapon)
Missiles
 h - 37 poisoned darts (quivered)
 u - 4 boomerangs of dispersal
Armour
 a - a +0 robe (worn)
 g - a +0 pair of gloves (worn)
 n - a +0 helmet (worn)
 B - a +2 cloak (worn)
Jewellery
 c - an amulet of regeneration (around neck)
 m - a ring of flight (right hand)
 t - a ring of wizardry (left hand)
Scrolls
 d - a scroll of magic mapping
 f - a scroll of acquirement
 i - a scroll of silence {unknown}
 k - 6 scrolls of fog {unknown}
 l - a scroll of torment {unknown}
 o - a scroll of teleportation {unknown}
 q - 2 scrolls of enchant armour {unknown}
 s - a scroll of fear {unknown}
 w - 3 scrolls of blinking {unknown}
 y - 3 scrolls of identify
Potions
 b - a potion of curing {unknown}
 e - 4 potions of might
 j - 5 potions of magic
 r - a potion of attraction {unknown}
 v - a potion of haste {unknown}
 x - a potion of mutation {unknown}
 z - a potion of ambrosia {unknown}
 A - a potion of resistance {unknown}


   Skills:
 - Level 2.4 Dodging
 - Level 2.4 Stealth
 - Level 5.0 Spellcasting
 * Level 7.7 Conjurations
 * Level 8.4 Fire Magic


You had 8 spell levels left.
You knew the following spells:

 Your Spells              Type           Power      Damage    Failure   Level
a - Foxfire               Conj/Fire      100%       2x1d9     1%          1
b - Conjure Flame         Conj/Fire      39%        6-21      1%          3
c - Fireball              Conj/Fire      19%        3d9       4%          5

Your spell library contained the following spells:

 Spells                   Type           Power      Damage    Failure   Level
 Shock                    Conj/Air       84%        1d8       1%          1
 Sticky Flame             Conj/Fire      39%        2d6       1%          4
 Inner Flame              Hex/Fire       23%        N/A       2%          3
 Corona                   Hex            5%         N/A       4%          1
 Freeze                   Ice            20%        1d4       4%          1
 Ensorcelled Hibernation  Hex/Ice        10%        N/A       6%          2
 Sublimation of Blood     Necr           2%         N/A       6%          2
 Hailstorm                Conj/Ice       21%        3d6       9%          4
 Frozen Ramparts          Ice            10%        1d3       13%         3
 Swiftness                Air            5%         N/A       13%         3
 Tukima's Dance           Hex            5%         N/A       13%         3
 Irradiate                Conj/Tmut      10%        3d17      24%         5
 Airstrike                Air            2%         N/A       38%         4
 Petrify                  Tmut/Erth      5%         N/A       38%         4
 Conjure Ball Lightning   Conj/Air       10%        3x3d6     77%         6
 Discord                  Hex            2%         N/A       100%        8
 Disjunction              Tloc           2%         N/A       100%        8


Dungeon Overview and Level Annotations

Branches:
Dungeon (6/15)              Sewer (visited)
 Temple: D:4-7

Altars:
Dithmenos
Fedhas
Hepliaklqana
Nemelex Xobeh

Shops:
D:1 ??!   D:2 (


Message History

You regained 2 hp, and now have 21/41 hp.
You now have 9/17 mp.
The foxfire hits the kobold demonologist but does no damage.
The kobold demonologist is heavily wounded.
The foxfire hits the kobold brigand.
The kobold brigand is severely wounded.
The kobold demonologist miscasts a cantrip.
Unknown command.
Sorry, you're not good enough to have a special ability.
Casting: Foxfire (safe; 1% risk of failure)
Confirm with . or Enter, or press ? or * to list all spells.
The spell is quite dangerous to cast (4% risk of failure)!
Continue anyway?
Aiming: Fireball (quite dangerous; 4% risk of failure)
Press: ? - help, Shift-Dir - straight line The fireball explodes!
The fireball engulfs the chaos spawn!
The chaos spawn is heavily wounded.
The fireball engulfs the kobold demonologist!
The kobold demonologist is severely wounded.
The fireball engulfs the kobold brigand!
You kill the kobold brigand!
You hear a shout!
The kobold demonologist gestures wildly while chanting.
The iron imp hits you.
You take 5 damage, and have 17/41 hp.
You now have 4/17 mp.
Casting: Fireball (quite dangerous; 4% risk of failure)
Confirm with . or Enter, or press ? or * to list all spells.
You don't have enough magic to cast this spell.
The sixfirhy completely misses you. The sixfirhy hits you!
* * * LOW HITPOINT WARNING * * *
The sixfirhy shocks you!
* * * LOW HITPOINT WARNING * * *
The sixfirhy barely misses you.
You take 16 damage, and have 2/41 hp.
MASSIVE DAMAGE!!
Okay, then.
It was a potion of might.
You feel very mighty all of a sudden. The sixfirhy misses you.
The kobold demonologist gestures wildly while chanting.
The iron imp hits you!
You die...

########## #.#
.........# #.#
########.# #.#
##########.#########.#
........##.........<.#
###.........##########
#......)..####
#............##
#.....@...#...###
#...553#....#...#
#...4#5#.#....#.#
#...5K###....##.#
#....## ###### .#
#..##. .# #.. ## .#
#.. .# ## ..


You could see a kobold demonologist, a sixfirhy (summoned), a chaos spawn
(summoned), an iron imp (summoned), a quasit (summoned, expiring), a white imp
(summoned) and an ufetubus (summoned).

Vanquished Creatures
  Grinder (D:3)
  2 sky beasts (D:5)
  An ogre (D:5)
  A kobold brigand (D:6)
  A phantom (D:5)
  2 bullfrogs (Sewer)
  A scorpion (D:4)
  An orc priest (D:5)
  A bullfrog skeleton (D:5)
  A bullfrog zombie (D:5)
  3 hounds
  Jessica (D:2)
  4 iguanas
  An orc wizard (D:5)
  A howler monkey zombie (D:5)
  13 adders
  5 river rats (Sewer)
  A white imp (D:6)
  8 orcs
  13 ball pythons
  7 endoplasms
  4 giant cockroaches
  4 goblins
  3 hobgoblins (D:3)
  12 jackals
  5 kobolds
  2 quokkas
  8 bats
  7 frilled lizards
  29 rats
143 creatures vanquished.

Vanquished Creatures (collateral kills)
  8 foxfires (D:4)
8 creatures vanquished.

Vanquished Creatures (others)
  489 foxfires
489 creatures vanquished.

Grand Total: 640 creatures vanquished

Notes
Turn   | Place    | Note
-------+----------+-------------------------------------------
     0 | D:1      | trckry the Deep Elf Fire Elementalist began the quest for
                  | the Orb.
     0 | D:1      | Reached XP level 1. HP: 10/10 MP: 6/6
   243 | D:1      | Reached XP level 2. HP: 15/15 MP: 4/8
   366 | D:1      | Found Isymitz's Magic Scroll Boutique.
   455 | D:1      | Found Uri Ruteemi's Magic Scroll Shoppe.
   600 | D:1      | Found a faded altar of an unknown god.
   827 | D:1      | Found Poetorr's Distillery.
  1035 | D:2      | Reached XP level 3. HP: 19/19 MP: 2/9
  1039 | D:2      | Learned a level 3 spell: Conjure Flame
  1332 | D:2      | Reached skill level 4 in Fire Magic
  1394 | D:2      | Found Nodumig's Weapon Shoppe.
  1443 | D:2      | Noticed Jessica
  1448 | D:2      | Killed Jessica
  1520 | D:2      | Reached XP level 4. HP: 24/24 MP: 5/11
  2369 | D:3      | Found a hazy altar of Hepliaklqana.
  2752 | D:3      | Noticed Grinder
  3502 | D:3      | Killed Grinder
  3503 | D:3      | Reached skill level 5 in Fire Magic
  3503 | D:3      | Reached XP level 5. HP: 17/28 MP: 0/14
  3503 | D:3      | Reached XP level 6. HP: 19/32 MP: 0/15
  3720 | D:4      | Found a blossoming altar of Fedhas.
  3720 | D:4      | Found a sparkling altar of Nemelex Xobeh.
  3720 | D:4      | Found a shadowy altar of Dithmenos.
  4287 | D:5      | Entered Level 5 of the Dungeon
  4293 | D:5      | Reached skill level 5 in Spellcasting
  4299 | D:5      | Reached skill level 6 in Fire Magic
  4303 | D:5      | Reached skill level 5 in Conjurations
  4303 | D:5      | Reached XP level 7. HP: 30/36 MP: 2/16
  4436 | D:5      | Found a glowing drain.
  4492 | Sewer    | Entered a sewer
  4926 | Sewer    | Reached skill level 7 in Fire Magic
  5501 | D:5      | Reached XP level 8. HP: 41/41 MP: 11/17
  5760 | D:5      | Reached skill level 8 in Fire Magic
  6359 | D:5      | Identified a scroll of acquirement
  6359 | D:5      | Upgraded the game from 0.27-a0-1431-gcffa5a9b16 to
                  | 0.27-a0-1434-g6f15984924
  6423 | D:6      | Learned a level 5 spell: Fireball
  6431 | D:6      | Found Cythrann's Antique Armour Shop.
  6550 | D:6      | Noticed a kobold demonologist
  6556 | D:6      | Noticed a sixfirhy
  6559 | D:6      | HP: 2/41 [sixfirhy[a kobold demonologist] (9)]
  6560 | D:6      | Mangled by an iron imp

Illustrated notes

Levels and vault maps discovered:
D:1:      eino_arrival_cavern_d, layout_loops_ring, serial_shops,
          nicolae_shop_stone, nicolae_shop_behind_doors,
          nicolae_shop_window_shopping, ebering_ecumenical_altar_petrified
D:2:      layout_loops_corners, serial_shops, nicolae_diamond_shop,
          serial_bayou_pond_e, uniq_jessica
D:3:      layout_basic, lemuel_crystal_altar, uniq_grinder
D:4:      layout_loops_cross, gammafunk_temple_overflow_forgotten
D:5:      layout_basic, portal_sewer_entry_d
D:6:      layout_loops_ring, minmay_temple_entry_large_hall, serial_shops, shop,
          kennysheep_mini, shop, minmay_manual_monstrance

Skill      XL: |  1  2  3  4  5  6  7  8 |
---------------+-------------------------+-----
Conjurations   | 2 4 5 6 7 |  7.7
Fire Magic     | 4 5 6 7 8 |  8.4
Spellcasting   | 4 5 |  5.0
Dodging        | |  2.4
Stealth        | |  2.4

Action                   |  1- 3 |  4- 6 |  7- 9 || total
-------------------------+-------+-------+-------++-------
Melee: Whip              |       |       |    23 ||    23
Throw: Dart              |       |       |    12 ||    12
 Cast: Foxfire           |    70 |   102 |   143 ||   315
       Conjure Flame     |       |     1 |       ||     1
       Fireball          |       |       |     1 ||     1
  Use: Scroll            |       |       |     2 ||     2
       Potion            |       |       |     1 ||     1
Armor: Robe              |     2 |     8 |    17 ||    27
Dodge: Dodged            |    14 |    14 |    25 ||    53

Table legend: (Time is in decaauts)
 A = Elapsed time spent in this place.
 B = Non-inter-level travel time spent in this place.
 C = Inter-level travel time spent in this place.
 D = Time resting spent in this place.
 E = Time spent auto-exploring this place.
 F = Levels seen in this place.
 G = Mean time per level.
                   A        B        C        D        E       F      G
               +--------+--------+--------+--------+--------+-----+--------+
         Total |   6561 |   6440 |    121 |    141 |   5230 |   7 |  937.3 |
       Dungeon |   6072 |   5951 |    121 |     46 |   5010 |   6 | 1012.0 |
         Sewer |    488 |    488 |      0 |     95 |    220 |   1 |  488.0 |
               +--------+--------+--------+--------+--------+-----+--------+

Top non-repeatable levels by time:
     D:5: 1642 daAuts
     D:2: 1307 daAuts
     D:3: 1307 daAuts
     D:1: 1017 daAuts
     D:4: 654 daAuts
   Sewer: 488 daAuts
     D:6: 143 daAuts
